 Dungeon Crawl Stone Soup version 0.31-a0-614-gc85dc1c48c (webtiles) character file.

Game seed: 1884285651827671680

9 BritishOli the Trooper (level 2, -2/24 HPs)
             Began as a Demonspawn Fighter on Aug 22, 2023.
             Slain by a quokka (3 damage)
             ... on level 1 of the Dungeon.
             The game lasted 00:00:16 (96 turns).

BritishOli the Trooper (Demonspawn Fighter)           Turns: 96, Time: 00:00:17

Health: -2/24      AC:  6    Str: 16    XL:     2   Next: 6%
Magic:  2/2        EV:  8    Int:  9    God:
Gold:   14         SH:  4    Dex: 12    Spells: 1/1 levels left

rFire   . . .        a - +0 war axe
rCold   . . .        c - +0 buckler
rNeg    . . .        b - +0 scale mail
rPois   .            (no helmet)
rElec   .            (no cloak)
rCorr   .            (no gloves)
SInv    .            (no boots)
Will    .....        (no amulet) Stlth
                     (no ring)
HPRegen 0.24/turn    (no ring)
MPRegen 0.08/turn

%: no passive effects
@: no status effects
A: powered by pain 1
a: no special abilities


You were on level 1 of the Dungeon.
You visited 1 branch of the dungeon, and saw 1 of its levels.

You collected 14 gold pieces.

Inventory:

Hand Weapons
 a - a +0 war axe (weapon)
Armour
 b - a +0 scale mail (worn)
 c - a +0 buckler (worn)
Potions
 d - a potion of might


   Skills:
 + Level 3.1 Fighting
 + Level 2.0 Axes
 + Level 2.8 Armour
 + Level 2.8 Shields


You had one spell level left.
You didn't know any spells.
Your spell library was empty.

Dungeon Overview and Level Annotations

Branches:
Dungeon (1/15)

Altars:


Innate Abilities, Weirdness & Mutations

You sometimes gain a little power by taking damage.


Message History

The quokka is lightly wounded.
You closely miss the bat. The bat hits you but does no damage. x2
The quokka barely misses you. x2; The bat closely misses you.
You barely miss the quokka. You slash the ball python!
You kill the ball python!
You barely miss the bat. The bat hits you but does no damage.
The quokka closely misses you.
An endoplasm comes into view.
The bat hits you but does no damage.
The jackal bites you but does no damage.
The quokka bites you.
* * * LOW HITPOINT WARNING * * *
Your Axes skill increases to level 2!
You have reached level 2!
Your demonic ancestry asserts itself...
You feel energised by your suffering.
The endoplasm quivers.
You hit the quokka.
The quokka is lightly wounded.
You hit the jackal but do no damage. You barely miss the bat.
The bat hits you but does no damage. The jackal bites you.
* * * LOW HITPOINT WARNING * * *
The quokka bites you.
* * * LOW HITPOINT WARNING * * *
The bat hits you but does no damage. The jackal barely misses you.
You barely miss the quokka.
The quokka is lightly wounded.
You slash the jackal!
You kill the jackal!
You barely miss the bat. The bat closely misses you. The quokka bites you.
* * * LOW HITPOINT WARNING * * *
The bat barely misses you.
The quokka bites you but does no damage.
You closely miss the quokka.
The quokka is lightly wounded.
You hit the endoplasm.
You kill the endoplasm!
You completely miss the bat. You block the bat's attack.
The quokka barely misses you. The bat closely misses you. The quokka bites you.
You die...

#... #.# ..# .. ## #.#
... ... #.# ##.# #.#
#.# ... ..# #†# #.###
#.###.# #.###.#.###
...#.### #........>.
#†#...# #...#.#.###
#b@.#.###.........#
###r........#.#.#.#
..Kr..K#.###.......#.#
.#######.# #####.#.#.#
#.. ..#..... ####
###.#.#.. #......
.....### ..######


You could see a quokka, a bat and a kobold.

Vanquished Creatures
  2 ball pythons (D:1)
  3 endoplasms (D:1)
  A giant cockroach (D:1)
  A jackal (D:1)
  A bat (D:1)
  2 frilled lizards (D:1)
10 creatures vanquished.

Notes
Turn   | Place    | Note
-------+----------+-------------------------------------------
     0 | D:1      | BritishOli the Demonspawn Fighter began the quest for the
                  | Orb.
     0 | D:1      | Reached XP level 1. HP: 18/18 MP: 1/1
    94 | D:1      | Gained mutation: You sometimes gain a little power by
                  | taking damage. [demonic ancestry]
    94 | D:1      | Reached XP level 2. HP: 6/24 MP: 2/2
    95 | D:1      | HP: 1/24 [quokka (2)]
    96 | D:1      | Slain by a quokka

Illustrated notes

Levels and vault maps discovered:
D:1:      giann_horns, layout_loops_ring, minmay_indecisive_spiral

Skill      XL: |  1 |
---------------+----+-----
Axes           | 2 |  2.0
Fighting       | |  3.1
Armour         | |  2.8
Shields        | |  2.8

Action                     || total
---------------------------++-------
  Melee: War axe           ||    27
 Armour: Scale mail        ||    27
  Dodge: Dodged            ||    18
  Block: Buckler           ||    10

Table legend: (Time is in decaauts)
 A = Elapsed time spent in this place.
 B = Non-inter-level travel time spent in this place.
 C = Inter-level travel time spent in this place.
 D = Time resting spent in this place.
 E = Time spent auto-exploring this place.
 F = Levels seen in this place.
 G = Mean time per level.
                   A        B        C        D        E       F      G
               +--------+--------+--------+--------+--------+-----+--------+
         Total |    107 |    107 |      0 |      0 |     53 |   1 |  107.0 |
       Dungeon |    107 |    107 |      0 |      0 |     53 |   1 |  107.0 |
               +--------+--------+--------+--------+--------+-----+--------+

Top non-repeatable levels by time:
     D:1: 107 daAuts
